 Dungeon Crawl Stone Soup version 0.21-a0-509-gecc5317 (webtiles) character file.

109 mortelune the Digger (level 4, 0/24 HPs)
             Began as a Gargoyle Earth Elementalist on Nov 30, 2017.
             Killed from afar by an orc wizard (9 damage)
             ... with a puff of flame
             ... on level 2 of the Dungeon.
             The game lasted 00:08:49 (2974 turns).

mortelune the Digger (Gargoyle Earth Elementalist)  Turns: 2974, Time: 00:08:49

Health: 0/24       AC:  5    Str: 12    XL:     4   Next: 89%
Magic:  5/8        EV: 12    Int: 16    God:
Gold:   74         SH:  0    Dex: 10    Spells: 5/9 levels left

rFire    x . .     SeeInvis .   i - +0 dagger (venom)
rCold    + . .     Gourm    .   (no shield)
rNeg     + . .     Faith    .   c - +0 robe
rPois    ∞         Spirit   .   (no helmet)
rElec    +         Reflect  .   (no cloak)
rCorr    .         Harm     .   (no gloves)
MR       .....                  (no boots)
Stlth    ++........             (no amulet)
HPRegen  0.08/turn              g - ring of ice
MPRegen  0.11/turn              (no ring)

@: no status effects
A: negative energy resistance 1, electricity resistance, unbreathing,
petrification resistance, rot immunity, AC +3
a: no special abilities


You were on level 2 of the Dungeon.
You were hungry.

You visited 1 branch of the dungeon, and saw 3 of its levels.

You collected 74 gold pieces.

Inventory:

Hand Weapons
 f - a +2 dagger of pain
 i - a +0 dagger of venom (weapon)
 u - a cursed -1 mace
Missiles
 b - 75 stones (quivered)
 p - a throwing net
Armour
 c - a +0 robe (worn)
Jewellery
 g - a ring of ice (left hand)
Scrolls
 a - 2 scrolls of identify {unknown}
 q - a scroll of fog {unknown}
 t - a scroll of teleportation {unknown}
 v - a scroll of blinking {unknown}
Potions
 h - 2 potions of curing {unknown}
 k - a potion of haste {unknown}
 l - a potion of berserk rage {unknown}
 n - a potion of lignification {unknown}
 o - a potion of flight {unknown}
 r - a potion of heal wounds {unknown}
 s - a potion of agility {unknown}
Books
 e - a book of Geomancy

   Spells                             Type                      Level
   a - Sandblast                      Earth                        1
   b - Passwall                       Transmutation/Earth          2
   c - Stone Arrow                    Conjuration/Earth            3
   d - Petrify                        Transmutation/Earth          4
   e - Lee's Rapid Deconstruction     Earth                        5
Comestibles
 d - 3 bread rations
 j - a royal jelly
 m - a meat ration
 w - 3 chunks of flesh


   Skills:
 - Level 1.5 Dodging
 - Level 2.1 Stealth
 + Level 3.2 Spellcasting
 + Level 1.8 Conjurations
   Level 0.7 Transmutations
 + Level 5.0 Earth Magic


You had 5 spell levels left.
You knew the following spells:

 Your Spells              Type           Power        Failure   Level  Hunger
a - Sandblast             Erth           ###...       2%          1    None
b - Stone Arrow           Conj/Erth      ##....       13%         3    ###....


Dungeon Overview and Level Annotations

Branches:
Dungeon (3/15)

Altars:


Innate Abilities, Weirdness & Mutations

You are resistant to torment.
Your stone body is resilient. (AC +3)
You are immune to poison.
You resist negative energy. (rN+)
You are resistant to electric shocks. (rElec)
You can survive without breathing.
You are immune to petrification.
You are immune to rotting.


Message History

The orc wizard gestures at you while chanting.
The magic dart hits you!
There is a stone staircase leading up here.
You're too confused to cast spells.
In your confused state, you trip and fall back down the stairs.
The orc wizard casts a spell at you. The magic dart hits you!
The orc wizard hits you but does no damage.
In your confused state, you trip and fall back down the stairs.
The orc wizard points at you and mumbles some strange words.
You resist with some effort.
You feel less confused. The orc wizard closely misses you.
You climb upwards.
There is a stone staircase leading down here.
You hit the orc wizard but do no damage.
The orc wizard is poisoned.
The orc wizard points at you and mumbles some strange words.
The puff of flame hits you! The fire burns you terribly!
You die...

## #.....## .##
#.##### ..#####.#
........#
...####.###### #####
##.###.......# #.#.#
##......####.# #.#.#
..........##.###o#.#
................@#.#
...................#
##..##########'#####
#...# #.........#
#.#.# #.........#
#.#.# #.........#
#.#.# #.........#
#.#.###.........#
#.#..##.........#


You could see an orc wizard.

Vanquished Creatures
  An orc wizard (D:3)
  2 adders (D:2)
  A worm (D:2)
  5 leopard geckos
  An orc (D:3)
  A ball python (D:2)
  7 goblins
  9 hobgoblins
  6 kobolds
  A quokka (D:2)
  6 bats
  5 frilled lizards
  5 rats (D:2)
50 creatures vanquished.

Notes
Turn   | Place    | Note
-------+----------+-------------------------------------------
     0 | D:1      | mortelune the Gargoyle Earth Elementalist began the quest for the Orb.
     0 | D:1      | Reached XP level 1. HP: 10/10 MP: 3/3
   365 | D:1      | Reached XP level 2. HP: 15/15 MP: 5/5
   381 | D:1      | Reached skill level 4 in Earth Magic
  1436 | D:2      | Reached XP level 3. HP: 18/19 MP: 6/6
  1441 | D:2      | Learned a level 3 spell: Stone Arrow
  2196 | D:2      | Reached skill level 1 in Conjurations
  2318 | D:2      | Reached XP level 4. HP: 24/24 MP: 6/8
  2963 | D:3      | Reached skill level 5 in Earth Magic
  2974 | D:2      | Killed from afar by an orc wizard

Vault maps used:
D:1:      evilmike_arrival_plus
D:2:      kennysheep_cluttered_room, minmay_goblin_outpost,
          uniq_crazy_yiuf_cottage
D:3:      kennysheep_the_goblin_king, old_standard_altar, marbit_many_paths,
          nicolae_overflow_crystal_walls,
          chequers_temple_overflow_statue_of_worship

Skill      XL: |  1  2  3  4 |
---------------+-------------+-----
Earth Magic    | 4 5 |  5.0
Conjurations   | 1 |  1.8
Spellcasting   | 3 |  3.2
Dodging        | |  1.5
Stealth        | |  2.1
Transmutations | |  0.7

Action                   |  1- 3 |  4- 6 || total
-------------------------+-------+-------++-------
Melee: Dagger            |   125 |    21 ||   146
 Cast: Sandblast         |     8 |     8 ||    16
 Stab: Sleeping          |     3 |     2 ||     5
  Eat: Chunk             |     4 |     2 ||     6
Armor: Robe              |    51 |     9 ||    60
Dodge: Dodged            |    71 |    14 ||    85

Table legend:
 A = Spawn XP
 B = Non-spawn XP
 C = Spawn XP percentage of total XP
 D = Spawn monster count
 E = Non-spawn monster count
 F = Spawn count percentage of total count
 G = Total turns spent on level
                    A         B        C        D         E        F      G
               +---------+---------+-------+---------+---------+-------+---------
         Total |       0 |     156 |   0.0 |       0 |      50 |   0.0 |  2974
               +---------+---------+-------+---------+---------+-------+---------
           D:1 |       0 |      29 |   0.0 |       0 |      18 |   0.0 |  1600
           D:2 |       0 |      81 |   0.0 |       0 |      30 |   0.0 |  1350
           D:3 |       0 |      46 |   0.0 |       0 |       2 |   0.0 |    24
               +---------+---------+-------+---------+---------+-------+---------
